 Dungeon Crawl Stone Soup version 0.22-a0-580-gd5db89c (webtiles) character file.

9472 sking99 the Grappler (level 11, -4/115 HPs)
             Began as a Troll Monk on July 3, 2018.
             Was a High Priest of Elyvilon.
             Slain by a basilisk (7 damage)
             ... on level 1 of the Lair of Beasts.
             The game lasted 00:17:17 (10021 turns).

sking99 the Grappler (Troll Monk)                  Turns: 10021, Time: 00:17:18

Health: -4/115     AC:  9    Str: 21    XL:     11   Next: 23%
Magic:  10/10      EV:  1    Int:  6    God:    Elyvilon [*****.]
Gold:   396        SH:  0    Dex: 19    Spells: 10/10 levels left

rFire    . . .     SeeInvis .     - Unarmed
rCold    . . .     Gourm    +   (no shield)
rNeg     + + +     Faith    .   a - +0 robe
rPois    ∞         Spirit   .   (helmet restricted)
rElec    .         Reflect  .   o - +2 cloak
rCorr    .         Harm     .   (gloves unavailable)
MR       .....                  (boots unavailable)
Stlth    ++........             (no amulet)
HPRegen  0.69/turn              L - +4 ring of dexterity
MPRegen  0.12/turn              s - +1 ring of protection (curse)

@: petrified
A: large, unfitting armour, claws 3, fast metabolism 3, gourmand, regeneration
1, shaggy fur 1, tough skin 2
a: Lesser Healing, Heal Other, Purification, Greater Healing, Divine Vigour,
Divine Protection, Renounce Religion


You were on level 1 of the Lair of Beasts.
You worshipped Elyvilon.
Elyvilon was extremely pleased with you.
You were very full.

You visited 3 branches of the dungeon, and saw 13 of its levels.
You also visited: Ossuary.

You collected 555 gold pieces.
You spent 159 gold pieces at shops.

Inventory:

Armour
 a - a +0 robe (worn)
 o - a +2 cloak (worn)
Jewellery
 m - an uncursed ring of flight
 s - a cursed +1 ring of protection (right claw)
 A - an uncursed ring of wizardry
 E - an uncursed amulet of magic regeneration
 F - a cursed -4 ring of strength {unknown}
 G - an uncursed ring of fire
 L - a +4 ring of dexterity (left claw)
 M - an uncursed amulet of the acrobat {unknown}
Wands
 f - a wand of digging (8)
 q - a wand of random effects (21)
 u - a wand of flame (46)
 y - a wand of polymorph (12)
 B - a wand of paralysis (14)
 K - a wand of enslavement (17)
Scrolls
 d - 6 scrolls of teleportation
 g - 2 scrolls of fog
 j - 8 scrolls of remove curse
 v - 2 scrolls of enchant weapon
 D - 2 scrolls of fear
 I - a scroll of magic mapping
 J - a scroll of enchant armour
 N - a scroll of acquirement {unknown}
Potions
 c - 7 potions of mutation
 e - a potion of resistance
 h - 2 potions of cancellation
 i - a potion of invisibility
 k - 3 potions of lignification
 l - 5 potions of curing
 n - 2 potions of flight
 p - 3 potions of heal wounds
 r - a potion of ambrosia
 t - a potion of magic
 x - 2 potions of haste
 z - a potion of degeneration
 C - a potion of brilliance
 H - a potion of berserk rage
Comestibles
 b - 25 rations
 w - 2 chunks of flesh


   Skills:
 + Level 9.0 Fighting
 - Level 2.4 Dodging
 - Level 1.0 Stealth
 * Level 14.1 Unarmed Combat


You had 10 spell levels left.
You didn't know any spells.
Your spell library was empty.

Dungeon Overview and Level Annotations

Branches:
Dungeon (11/15)            Temple (1/1) D:5            Lair (1/6) D:8
    Orc: D:9-12

Altars:
Ashenzari
Cheibriados
Dithmenos
Elyvilon
Fedhas
Gozag
Hepliaklqana
Kikubaaqudgha
Makhleb
Nemelex Xobeh
Okawaru
Qazlal
Ru
Sif Muna
Trog
Uskayaw
Vehumet
Wu Jian
Xom
Yredelemnul
Zin
The Shining One
Jiyva

Shops:
D:4 !   D:7 ?   D:8 %   D:9 [

Annotations:
D:6 exclusion: door
D:8 1 transporter


Innate Abilities, Weirdness & Mutations

You are too large for most types of armour.
You have claws for hands.
Your metabolism is lightning-fast.
You like to eat raw meat.
Your natural rate of healing is unusually fast.
You are covered in fur. (AC +1)
You have very tough skin. (AC +2)


Message History

* * * LOW HITPOINT WARNING * * *
The vampire mosquito bites you!
* * * LOW HITPOINT WARNING * * *
The black mamba bites you!
* * * LOW HITPOINT WARNING * * *
The black mamba bites you.
* * * LOW HITPOINT WARNING * * *
The basilisk bites you.
* * * LOW HITPOINT WARNING * * *
The crocodile bites you but does no damage.
The vampire mosquito bites you. The black mamba bites you.
* * * LOW HITPOINT WARNING * * *
The black mamba bites you!
* * * LOW HITPOINT WARNING * * *
The crocodile bites you!
* * * LOW HITPOINT WARNING * * *
The vampire mosquito bites you!
* * * LOW HITPOINT WARNING * * *
The basilisk bites you!
You die...

#....# #....#
#....# #....#
##....#
##.....#
####..†...#
##...Syt...#
#≈.≈≈S@l≈..#
....≈≈≈t.≈≈..#
#..≈≈≈≈≈≈≈≈≈.#
##.≈≈≈≈≈≈≈≈≈≈#
##.≈≈≈≈≈≈≈≈.#
#.≈≈≈≈≈≈≈≈.#
#.#...≈≈≈≈...#
............##


You could see 2 black mambas, a basilisk, 2 crocodiles and a vampire mosquito.

Vanquished Creatures
  Josephine (D:10)
  A two-headed ogre (D:9)
  Psyche (D:8)
  2 spiny frogs (Lair:1)
  Grinder (D:3)
  A hippogriff (D:4)
  3 wraiths (D:10)
  Grum (D:8)
  2 wyverns
  A water moccasin (D:10)
  2 porcupines (D:8)
  Duvessa (D:5)
  2 ice beasts
  4 orc warriors
  4 black bears
  2 sky beasts
  5 ogres
  4 phantoms
  2 centaurs
  4 wolves (D:8)
  Blork the orc (Temple)
  4 bullfrogs
  Dowan (D:5)
  7 scorpions
  12 killer bees
  7 wights
  3 crimson imps
  A bullfrog zombie (D:8)
  2 human zombies (Ossuary)
  3 hounds
  A jelly (D:7)
  6 orc priests
  Crazy Yiuf (D:2)
  3 bullfrog skeletons
  An iguana (D:7)
  A centaur skeleton (D:8)
  Ijyb (Temple)
  Terence (D:3)
  11 orc wizards
  7 worker ants
  A killer bee zombie (D:4)
  A big kobold zombie (Ossuary)
  3 hound zombies
  4 mummies (Ossuary)
  Robin (D:4)
  8 gnolls
  9 river rats (D:5)
  9 adders
  An ooze (D:1)
  An adder skeleton (D:9)
  2 adder zombies
  A worm (D:2)
  A dart slug (D:2)
  6 leopard geckos
  31 orcs
  4 bats
  A giant cockroach (D:1)
  3 gnoll zombies (Ossuary)
  17 goblins
  7 hobgoblins
  8 jackals
  6 kobolds
  15 quokkas
  4 ball pythons
  8 frilled lizards
  A jackal zombie (Ossuary)
  A leopard gecko skeleton (D:4)
  A leopard gecko zombie (D:7)
  2 orc zombies (Ossuary)
  19 rats
  A rat zombie (Ossuary)
295 creatures vanquished.

Notes
Turn   | Place    | Note
-------+----------+-------------------------------------------
     0 | D:1      | sking99 the Troll Monk began the quest for the Orb.
     0 | D:1      | Reached XP level 1. HP: 22/22 MP: 0/0
   364 | D:1      | Reached XP level 2. HP: 29/29 MP: 1/1
   918 | D:2      | Reached XP level 3. HP: 33/36 MP: 2/2
   974 | D:2      | Found a runed door.
  1033 | D:2      | Reached skill level 4 in Unarmed Combat
  1062 | D:2      | Reached XP level 4. HP: 33/45 MP: 3/3
  1210 | D:2      | Found a hazy altar of Hepliaklqana.
  1608 | D:2      | Noticed Crazy Yiuf
  1613 | D:2      | Killed Crazy Yiuf
  1613 | D:2      | Reached skill level 5 in Unarmed Combat
  1613 | D:2      | Reached XP level 5. HP: 41/53 MP: 4/4
  1709 | D:3      | Noticed Terence
  1722 | D:3      | Killed Terence
  1803 | D:3      | Found an iron altar of Okawaru.
  1803 | D:3      | Noticed Grinder
  1806 | D:3      | Paralysed by Grinder for 4 turns
  1819 | D:3      | Paralysed by Grinder for 6 turns
  1826 | D:3      | Killed Grinder
  1826 | D:3      | Reached skill level 6 in Unarmed Combat
  1826 | D:3      | Reached XP level 6. HP: 7/62 MP: 5/5
  2479 | D:4      | Noticed a hippogriff
  2497 | D:4      | Killed a hippogriff
  2497 | D:4      | Reached skill level 7 in Unarmed Combat
  2497 | D:4      | Reached XP level 7. HP: 31/71 MP: 6/6
  2667 | D:4      | Noticed Robin
  2682 | D:4      | Killed Robin
  2922 | D:4      | Found a sparkling altar of Nemelex Xobeh.
  2989 | D:4      | Found a basalt altar of Yredelemnul.
  2989 | D:4      | Found a radiant altar of Vehumet.
  3146 | D:4      | Found Zyfat's Distillery.
  3149 | D:4      | Bought a potion of invisibility for 88 gold pieces
  3149 | D:4      | Bought a potion of curing for 33 gold pieces
  3190 | D:5      | Entered Level 5 of the Dungeon
  3294 | D:5      | Found a staircase to the Ecumenical Temple.
  3298 | D:5      | Noticed Ijyb
  3300 | D:5      | Noticed Duvessa
  3303 | Temple   | Entered the Ecumenical Temple
  3481 | Temple   | Became a worshipper of Elyvilon the Healer
  3481 | Temple   | Reached * piety under Elyvilon
  3481 | Temple   | Reached ** piety under Elyvilon
  3508 | D:5      | Noticed Blork the orc
  3516 | Temple   | Reached skill level 5 in Fighting
  3516 | Temple   | Reached skill level 8 in Unarmed Combat
  3527 | Temple   | Killed Ijyb
  3527 | Temple   | HP: 3/72 [wight/enchanted halberd (4)]
  3532 | Temple   | HP: 3/72 [wight/enchanted halberd (3)]
  3534 | Temple   | Reached XP level 8. HP: 4/80 MP: 7/7
  3659 | D:5      | Noticed Dowan
  3752 | D:5      | Killed Duvessa
  3758 | Temple   | Killed Blork the orc
  3777 | D:5      | Killed Dowan
  3782 | D:5      | Reached skill level 9 in Unarmed Combat
  3964 | D:5      | Found a glowing silver altar of Zin.
  3969 | D:5      | Found an ancient bone altar of Kikubaaqudgha.
  3970 | D:5      | Found a snail-covered altar of Cheibriados.
  3971 | D:5      | Found a shadowy altar of Dithmenos.
  3973 | D:5      | Found an ornate altar of the Wu Jian Council.
  4557 | D:6      | Found a sand-covered staircase.
  4577 | Ossuary  | Entered an ossuary
  4668 | Ossuary  | Reached *** piety under Elyvilon
  4850 | D:6      | Found a glowing golden altar of the Shining One.
  4853 | D:6      | Found a hide-covered altar of Uskayaw.
  4856 | D:6      | Found a stormy altar of Qazlal.
  5060 | D:6      | Reached skill level 10 in Unarmed Combat
  5127 | D:6      | Found a deep blue altar of Sif Muna.
  5533 | D:7      | Reached XP level 9. HP: 89/89 MP: 8/8
  5617 | D:7      | Reached **** piety under Elyvilon
  5912 | D:7      | Reached skill level 11 in Unarmed Combat
  6311 | D:7      | Found Ezeli's Magic Scroll Shop.
  6332 | D:7      | Bought a scroll of magic mapping for 38 gold pieces
  6672 | D:8      | Reached XP level 10. HP: 96/102 MP: 9/9
  6675 | D:8      | Reached skill level 12 in Unarmed Combat
  6830 | D:8      | Noticed Grum
  6839 | D:8      | Killed Grum
  6863 | D:8      | Found a transporter.
  6883 | D:8      | Reached ***** piety under Elyvilon
  6895 | D:8      | Found Ubran's Food Boutique.
  6920 | D:8      | Noticed Psyche
  6933 | D:8      | Killed Psyche
  7476 | D:8      | Found a viscous altar of Jiyva.
  7508 | D:8      | Found a staircase to the Lair.
  8057 | D:9      | Found Iluorijo's Antique Armour Boutique.
  8354 | D:9      | Reached skill level 13 in Unarmed Combat
  8712 | D:10     | Entered Level 10 of the Dungeon
  8712 | D:10     | Noticed a two-headed ogre
  8727 | D:10     | Noticed Josephine
  8965 | D:9      | Killed a two-headed ogre
  9017 | D:9      | Found Iluorijo's Antique Armour Boutique.
  9192 | D:10     | Killed Josephine
  9192 | D:10     | Reached XP level 11. HP: 77/113 MP: 10/10
  9656 | D:10     | Reached skill level 14 in Unarmed Combat
  9967 | Lair:1   | Entered Level 1 of the Lair of Beasts
 10021 | Lair:1   | HP: 3/115 [vampire mosquito (5)]
 10021 | Lair:1   | Slain by a basilisk

Vault maps used:
D:1:      dpeg_arrival_fog
D:2:      overflow_temple_1_default, uniq_crazy_yiuf_cottage
D:3:      okawaru_trees_1, uniq_terence, uniq_grinder
D:4:      marbit_many_paths, gammafunk_temple_overflow_elements, serial_shops,
          kennysheep_mini_moat, minmay_misc_feat_cross, minmay_liquid_box,
          uniq_robin
D:5:      lemuel_ratsnest, minitemple, minmay_temple_entry_large_hall,
          first_ration, uniq_ijyb, uniq_duvessa, uniq_blork_the_orc
D:6:      grunt_temple_overflow_diamond, enter_ossuary_1, led_sif_book
D:7:      serial_shops, nicolae_shop_crystal, grunt_ogre_cave
D:8:      gammafunk_jiyva_shrine, grunt_lair_entry_orc_guard_hut, serial_shops,
          shop, uniq_psyche, uniq_grum
D:9:      serial_shops, nicolae_shop_crystal
D:10:     uniq_josephine
D:11:     gammafunk_ghost_necromancy
Temple:   chequers_temple_sunken
Lair:1:   lemuel_slime, basic_altar, pond, infiniplex_staircase_pool,
          lemuel_fruit_fields
Ossuary:  ossuary_minmay_tomb_2a

Skill      XL: |  1  2  3  4  5  6  7  8  9 10 11 |
---------------+----------------------------------+-----
Unarmed Combat | 4 5 6 7 8 10 11 13 14 | 14.1
Fighting       | 3 4 5 6 7 8 9 |  9.0
Dodging        | |  2.4
Stealth        | |  1.0

Action                   |  1- 3 |  4- 6 |  7- 9 | 10-12 || total
-------------------------+-------+-------+-------+-------++-------
Melee: Unarmed           |    55 |   125 |   486 |   236 ||   902
       Punch             |     2 |     2 |    24 |    11 ||    39
  Use: Scroll            |       |     8 |     6 |    10 ||    24
       Potion            |       |       |     1 |     2 ||     3
 Stab: Sleeping          |     1 |     4 |     4 |     5 ||    14
  Eat: Chunk             |    15 |    11 |    41 |    30 ||    97
Armor: Robe              |     7 |    36 |   193 |    76 ||   312
Dodge: Dodged            |    28 |    76 |   245 |    99 ||   448

Table legend:
 A = Spawn XP
 B = Non-spawn XP
 C = Spawn XP percentage of total XP
 D = Spawn monster count
 E = Non-spawn monster count
 F = Spawn count percentage of total count
 G = Total turns spent on level
                    A         B        C        D         E        F      G
               +---------+---------+-------+---------+---------+-------+---------
         Total |       0 |   13532 |   0.0 |       0 |     295 |   0.0 | 10021
               +---------+---------+-------+---------+---------+-------+---------
           D:1 |       0 |      29 |   0.0 |       0 |      14 |   0.0 |   868
           D:2 |       0 |     189 |   0.0 |       0 |      26 |   0.0 |   787
           D:3 |       0 |     389 |   0.0 |       0 |      17 |   0.0 |   860
           D:4 |       0 |     659 |   0.0 |       0 |      33 |   0.0 |   675
           D:5 |       0 |     738 |   0.0 |       0 |      46 |   0.0 |   854
           D:6 |       0 |     160 |   0.0 |       0 |       6 |   0.0 |   755
           D:7 |       0 |    1937 |   0.0 |       0 |      38 |   0.0 |  1015
           D:8 |       0 |    2941 |   0.0 |       0 |      34 |   0.0 |  1315
           D:9 |       0 |    2032 |   0.0 |       0 |      28 |   0.0 |  1296
          D:10 |       0 |    3073 |   0.0 |       0 |      26 |   0.0 |   886
        Temple |       0 |     383 |   0.0 |       0 |       9 |   0.0 |   452
        Lair:1 |       0 |     780 |   0.0 |       0 |       2 |   0.0 |    41
       Ossuary |       0 |     222 |   0.0 |       0 |      16 |   0.0 |   215
               +---------+---------+-------+---------+---------+-------+---------
